 Dungeon Crawl Stone Soup version 0.27-a0-1548-gf8a67e7463 (webtiles) character file.

Game seed: 12733537560801034656

1773 MacCMillion the Spear-Bearer (level 9, 0/59 HPs)
             Began as a Merfolk Ice Elementalist on July 14, 2021.
             Was a Believer of Okawaru.
             Engulfed by a steam dragon's steam (3 damage)
             ... on level 8 of the Dungeon.
             The game lasted 00:52:09 (11000 turns).

MacCMillion the Spear-Bearer (MfIE)                Turns: 11000, Time: 00:52:09

Health: 0/59       AC:  5    Str: 11    XL:     9   Next: 7%
Magic:  11/12      EV: 12    Int: 15    God:    Okawaru [**....]
Gold:   365        SH:  7    Dex: 14    Spells: 5/12 levels left

rFire    . . .     SeeInvis +   b - +1 spear
rCold    . . .     Faith    .   r - +0 kite shield
rNeg     . . .     Spirit   .   I - +0 leather armour
rPois    .         Reflect  .   (no helmet)
rElec    .         Harm     .   (no cloak)
rCorr    .         Rampage  .   (no gloves)
Will     .....                  f - +1 pair of boots {Stlth+}
Stlth    +++.......             (no amulet)
HPRegen  0.19/turn              p - ring of see invisible
MPRegen  0.13/turn              (no ring)

@: no status effects
A: (nimble swimmer 2), mertail
a: Renounce Religion, Heroism


You were on level 8 of the Dungeon.
You worshipped Okawaru.
Okawaru was pleased with you.
You visited 1 branch of the dungeon, and saw 8 of its levels.

You collected 365 gold pieces.

Inventory:

Hand Weapons
 b - a +1 spear (weapon)
 w - a +0 trident
Missiles
 H - 2 atropa-tipped darts
Armour
 f - a +1 pair of boots of stealth (worn)
 o - a +0 scale mail
 r - a +0 kite shield (worn)
 I - a +0 leather armour (worn)
 J - a +0 ring mail
Magical Staves
 D - a staff of fire
Jewellery
 p - a ring of see invisible (left hand)
Wands
 a - a wand of flame (19)
 x - a wand of polymorph (10)
 y - a wand of iceblast (10)
 C - a wand of acid (11)
Scrolls
 c - a scroll of noise {unknown}
 d - 2 scrolls of enchant weapon
 g - 3 scrolls of amnesia
 h - a scroll of fear {unknown}
 j - a scroll of magic mapping {unknown}
 l - 2 scrolls of identify {unknown}
 s - 2 scrolls of teleportation
 u - 2 scrolls of enchant armour {unknown}
 v - a scroll of acquirement {unknown}
 F - a scroll of silence {unknown}
Potions
 e - 3 potions of heal wounds {unknown}
 i - 3 potions of brilliance {unknown}
 k - 2 potions of flight {unknown}
 m - 2 potions of mutation {unknown}
 n - 2 potions of haste {unknown}
 q - 5 potions of curing
 t - 2 potions of attraction {unknown}
 z - a potion of invisibility {unknown}
 A - 2 potions of might {unknown}
 B - 4 potions of resistance {unknown}
 E - a potion of lignification {unknown}
 G - a potion of degeneration {unknown}


   Skills:
 - Level 1.0 Fighting
 * Level 9.5 Polearms
 - Level 7.0 Dodging
 - Level 2.1 Stealth
 + Level 1.7 Shields
 - Level 2.0 Spellcasting
 + Level 9.1 Ice Magic


You had 5 spell levels left.
You knew the following spells:

 Your Spells              Type           Power      Damage    Failure   Level
a - Freeze                Ice            100%       1d11      3%          1
b - Frozen Ramparts       Ice            56%        1d7       12%         3
c - Ozocubu's Armour      Ice            28%        N/A       12%         3

Your spell library contained the following spells:

 Spells                   Type           Power      Damage    Failure   Level
 Passwall                 Tmut/Erth      0%         N/A       94%         2
 Static Discharge         Conj/Air       1%         N/A       94%         2
 Hailstorm                Conj/Ice       15%        3d5       94%         4
 Swiftness                Air            1%         N/A       99%         3
 Lightning Bolt           Conj/Air       0%         1d11      100%        5
 Invisibility             Hex            0%         N/A       100%        6
 Maxwell's Capacitive Co  Air            0%         ∞         100%        8


Dungeon Overview and Level Annotations

Branches:
Dungeon (8/15)             Temple (0/1) D:7
   Lair: D:8-11

Altars:
Okawaru
Uskayaw
Wu Jian


Innate Abilities, Weirdness & Mutations

((You are quick and stealthy near water. (Stealth+, EV+, Speed+++)))
Your lower body shifts to a powerful aquatic tail in water.


Message History

You hit the steam dragon but do no damage.
The wall freezes the steam dragon.
The steam dragon breathes steam at you. The ball of steam hits you!
You reach to attack!
You closely miss the steam dragon.
The steam dragon is lightly wounded.
You are engulfed in a cloud of scalding steam.
The wall freezes the steam dragon.
You hit the steam dragon.
The steam dragon is lightly wounded.
You are engulfed in a cloud of scalding steam.
The wall freezes the steam dragon!
The steam dragon bites you. You block the steam dragon's attack.
You hit the steam dragon.
The steam dragon is heavily wounded.
You are engulfed in a cloud of scalding steam.
You hit the steam dragon but do no damage.
The steam dragon is heavily wounded.
The wall freezes the steam dragon.
The steam dragon breathes steam at you. The ball of steam hits you!
* * * LOW HITPOINT WARNING * * *
Unknown command.
Press: ? - help, v - describe, . - travel
Here: a steam dragon (steam, heavily wounded, catching its breath)
The floor, spattered with blood.
Your frozen ramparts will break if you move.
Continue?
Okay, then.
Your frozen ramparts will break if you move.
Continue?
Uppercase [Y]es or [N]o only, please.
Your frozen ramparts will break if you move.
Continue?
The frozen ramparts melt away as you move.
The steam dragon breathes steam at you. The ball of steam misses you.
The steam dragon breathes steam at you. The ball of steam hits you!
* * * LOW HITPOINT WARNING * * *
You are engulfed in a cloud of scalding steam.
You are engulfed in a cloud of scalding steam.
You die...

...... #..#
....§§ #..#
......####..#
#.§..§..#
######.## #.#
#.# #.#######
#..D§.§@#
#######.# #.#
#.# ###


There were no monsters in sight!

Vanquished Creatures
  A water moccasin (D:5)
  A sky beast (D:5)
  An orc warrior (D:7)
  2 ice beasts
  An ogre (D:5)
  A phantom (D:5)
  A bullfrog (D:6)
  A gnoll sergeant (D:5)
  4 scorpions
  A jelly (D:5)
  2 bullfrog skeletons
  2 hounds (D:6)
  A gnoll shaman (D:6)
  5 orc priests
  2 iguanas (D:4)
  Terence (D:2)
  3 orc wizards
  A mummy (D:7)
  A howler monkey skeleton (D:5)
  7 gnolls
  7 adders
  A white imp (D:4)
  6 worms
  A dart slug (D:5)
  22 orcs
  A bat (D:2)
  3 endoplasms
  A giant cockroach (D:4)
  11 goblins
  10 hobgoblins
  3 jackals (D:1)
  6 kobolds
  3 quokkas
  5 ball pythons
  A frilled lizard (D:3)
  2 kobold zombies (D:7)
  2 orc zombies (D:7)
  6 rats
130 creatures vanquished.

Vanquished Creatures (others)
  4 fungi (D:6)
4 creatures vanquished.

Grand Total: 134 creatures vanquished

Notes
Turn   | Place    | Note
-------+----------+-------------------------------------------
     0 | D:1      | MacCMillion the Merfolk Ice Elementalist began the quest
                  | for the Orb.
     0 | D:1      | Reached XP level 1. HP: 13/13 MP: 3/3
   283 | D:1      | Reached XP level 2. HP: 15/19 MP: 1/5
   619 | D:1      | Reached skill level 5 in Ice Magic
  1298 | D:2      | Noticed Terence
  1491 | D:2      | Reached XP level 3. HP: 21/25 MP: 3/6
  1884 | D:2      | Killed Terence
  1885 | D:2      | Reached XP level 4. HP: 16/31 MP: 0/7
  2610 | D:3      | Reached skill level 1 in Fighting
  3027 | D:3      | Reached XP level 5. HP: 37/37 MP: 3/8
  3074 | D:3      | Learned a level 3 spell: Frozen Ramparts
  3150 | D:3      | Found a faded altar of an unknown god.
  3281 | D:3      | Reached XP level 6. HP: 43/43 MP: 4/9
  3726 | D:4      | Reached skill level 1 in Polearms
  4669 | D:4      | Found an iron altar of Okawaru.
  4686 | D:4      | Became a worshipper of Warmaster Okawaru
  4934 | D:5      | Entered Level 5 of the Dungeon
  5141 | D:5      | Noticed a sky beast
  5150 | D:5      | Killed a sky beast
  5151 | D:5      | Reached XP level 7. HP: 48/48 MP: 4/10
  6170 | D:5      | Reached skill level 5 in Polearms
  6786 | D:4      | Reached * piety under Okawaru
  7022 | D:5      | Learned a level 3 spell: Ozocubu's Armour
  7028 | D:5      | Reached skill level 5 in Dodging
  7028 | D:5      | Reached XP level 8. HP: 54/54 MP: 5/11
  7838 | D:6      | Found an ornate altar of the Wu Jian Council.
  9122 | D:7      | Found a staircase to the Ecumenical Temple.
  9378 | D:7      | Reached ** piety under Okawaru
  9922 | D:7      | Noticed a +0 dagger
  9923 | D:7      | Noticed a +0 dagger
  9926 | D:7      | Found a hide-covered altar of Uskayaw.
 10019 | D:7      | Reached skill level 1 in Shields
 10155 | D:7      | Reached XP level 9. HP: 25/59 MP: 10/12
 10998 | D:8      | HP: 2/59 [something/ball of steam (15)]
 11000 | D:8      | Engulfed by a steam dragon's steam

Illustrated notes

Levels and vault maps discovered:
D:1:      dpeg_arrival_radiant, layout_basic, serial_park_tiny_pond,
          minmay_misc_feat_enclosed, minmay_misc_feat_alley
D:2:      cheibrodos_greedy_goblins, layout_rooms, serial_rivers,
          chequers_serial_rivers_room_b, chequers_serial_rivers_large_b,
          chequers_serial_rivers_micro_e, chequers_serial_rivers_small_a,
          chequers_serial_rivers_room_b, uniq_terence
D:3:      layout_rooms, hellmonk_ecumenical_altar_blasted
D:4:      layout_loops_corners, okawaru_gym_becter, minmay_goblin_kobold_house
D:5:      layout_loops_cross, st_stairs_11, chequers_serial_rivers_room_b
D:6:      layout_rooms, mainiacjoe_overflow_alcove_4, serial_aquarium,
          aquarium_bridge_island_small [aquarium_subvault_small_open,
          aquarium_subvault_wall, aquarium_subvault_bridge,
          aquarium_subvault_wall, aquarium_subvault_bridge],
          aquarium_bridge_square [aquarium_subvault_bridge,
          aquarium_subvault_wall, aquarium_subvault_bridge,
          aquarium_subvault_bridge], aquarium_window_2, aquarium_window_1,
          aquarium_view_2c, aquarium_view_2c, aquarium_pool_2
D:7:      layout_gridville, dancing_weapons_uskayaw,
          minmay_temple_entry_nine_rooms, nicolae_benzene_ring,
          hangedman_decor_push, minmay_statues_item, minmay_mini_ossuary
D:8:      layout_basic, minmay_lair_entry_lava, minmay_misc_feat_iff,
          supply_closet_lemuel

Skill      XL: |  1  2  3  4  5  6  7  8 |
---------------+-------------------------+-----
Ice Magic      | 5 6 7 8 9 |  9.1
Fighting       | 1 |  1.0
Polearms       | 3 5 9 |  9.5
Dodging        | 3 5 7 |  7.0
Shields        | 1 |  1.7
Stealth        | |  2.1
Spellcasting   | |  2.0

Action                   |  1- 3 |  4- 6 |  7- 9 || total
-------------------------+-------+-------+-------++-------
Melee: Spear             |    69 |   136 |   256 ||   461
       Tailslap          |     4 |       |       ||     4
 Cast: Freeze            |    36 |    30 |    48 ||   114
       Frozen Ramparts   |       |    10 |    13 ||    23
       Ozocubu's Armour  |       |       |     1 ||     1
Invok: Heroism           |       |       |     1 ||     1
Evoke: Wand              |       |       |     3 ||     3
  Use: Scroll            |       |       |     3 ||     3
 Stab: Sleeping          |     4 |     5 |     4 ||    13
       Distracted        |     1 |       |       ||     1
Armor: Robe              |     5 |    20 |    20 ||    45
       Scale mail        |       |       |    25 ||    25
       Leather armour    |       |       |     1 ||     1
Dodge: Dodged            |    37 |    54 |   117 ||   208
Block: Kite shield       |       |       |    18 ||    18

Table legend: (Time is in decaauts)
 A = Elapsed time spent in this place.
 B = Non-inter-level travel time spent in this place.
 C = Inter-level travel time spent in this place.
 D = Time resting spent in this place.
 E = Time spent auto-exploring this place.
 F = Levels seen in this place.
 G = Mean time per level.
                   A        B        C        D        E       F      G
               +--------+--------+--------+--------+--------+-----+--------+
         Total |  10931 |  10409 |    522 |   2956 |   5125 |   8 | 1366.4 |
       Dungeon |  10931 |  10409 |    522 |   2956 |   5125 |   8 | 1366.4 |
               +--------+--------+--------+--------+--------+-----+--------+

Top non-repeatable levels by time:
     D:5: 2253 daAuts
     D:7: 1851 daAuts
     D:4: 1828 daAuts
     D:6: 1307 daAuts
     D:1: 1294 daAuts
     D:2: 1258 daAuts
     D:3: 1103 daAuts
     D:8: 35 daAuts
